 Dungeon Crawl Stone Soup version 0.30-a0-269-gf0224bf7b6 (webtiles) character file.

Game seed: 8814050847469346190

548789 Pooter the Executioner (level 24, -16/354 HPs)
             Began as a Minotaur Berserker on Oct 12, 2022.
             Was the Champion of Trog.
             Demolished by a sun moth (32 damage)
             ... on level 8 of a ziggurat on Oct 15, 2022.
             The game lasted 05:51:52 (72380 turns).

Pooter the Executioner (Minotaur Berserker)        Turns: 72380, Time: 05:51:53

Health: -16/354    AC: 23    Str: 38    XL:     24   Next: 38%
Magic:  0/22       EV: 19    Int:  6    God:    Trog [******]
Gold:   9398       SH:  5    Dex: 20    Spells: 23/23 levels left

rFire   + + .      SeeInvis +    a - +9 executioner's axe (flame)
rCold   x . .      Faith    .    (shield currently unavailable)
rNeg    + + +      Spirit   .    w - +8 plate armour {rF+}
rPois   +          Reflect  +    Y - +2 hat of the Maze {+Inv rPois Regen+ Stlth-}
rElec   +          Harm     +    L - scarf {harm}
rCorr   .          Rampage  +    Z - +1 pair of gloves {infuse}
Will    +++..                    j - +1 pair of boots of the Midnight Sun {rF- Str+2 Dex+5 SInv}
Stlth   ..........               O - amulet "Pixijune" {Reflect Rampage Str+5 SH+5}
HPRegen 2.59/turn                U - +6 ring of strength
MPRegen 0.18/turn                P - ring of the Lotus Blossom {Fire rElec rN+++ Dex-2 Stlth+}

@: berserking (expiring), strong-willed, corroded, regenerating, glowing,
studying Short Blades, very quick
A: horns 2, retaliatory headbutt, camouflage 1, deformed body, fire resistance
1, shaggy fur 1, evolution 1
}: 4/15 runes: decaying, silver, abyssal, gossamer
a: Renounce Religion, Evoke Invisibility, Berserk, Trog's Hand, Brothers in Arms


You were on level 8 of a ziggurat.
You worshipped Trog.
Trog was exalted by your worship.
You visited 10 branches of the dungeon, and saw 43 of its levels.
You visited the Abyss 1 time.
You visited 1 ziggurat, and saw 8 of its levels.
You also visited: Ossuary.

You collected 10342 gold pieces.
You spent 944 gold pieces at shops.

Inventory:

Hand Weapons
 a - a +9 executioner's axe of flaming (weapon)
   (Trog gifted it to you on level 1 of the Orcish Mines)
 b - the +7 arbalest of Attainder {freeze, Str+3}
   (You found it on level 4 of the Vaults)

   Any ammunition fired from it freezes those it strikes, dealing additional
   cold damage.
   It can also slow down cold-blooded creatures.
   Str:       It affects your strength (+3).
 C - a +5 antimagic battleaxe
   (Trog gifted it to you on level 2 of the Crypt)
 G - a +3 sacred scourge of holy wrath
   (You took it off an angel on level 1 of the Elven Halls)
Missiles
 g - 6 silver javelins
 s - 7 curare-tipped darts
 M - 37 boomerangs (quivered)
Armour
 j - the +1 pair of boots of the Midnight Sun (worn) {rF- Str+2 Dex+5 SInv}
   (You found it on level 4 of the Swamp)

   Str:       It affects your strength (+2).
   Dex:       It affects your dexterity (+5).
   rF:        It makes you vulnerable to fire.
   SInv:      It lets you see invisible.
 w - a +8 plate armour of fire resistance (worn)
   (You took it off a deep elf blademaster on level 3 of the Elven Halls)
 J - a scarf of resistance
   (You found it on level 2 of the Crypt)
 L - a scarf of harm (worn)
   (You found it on level 5 of the Dungeon)
 T - a scarf of repulsion
   (You found it on level 3 of the Lair of Beasts)
 Y - the +2 hat of the Maze (worn) {+Inv rPois Regen+ Stlth-}
   (You found it on level 4 of the Spider Nest)

   rPois:     It protects you from poison.
   +Inv:      It lets you turn invisible.
   Regen:     It increases your rate of health regeneration.
   Stlth:     It makes you less stealthy.
 Z - a +1 pair of gloves of infusion (worn)
   (You found it on level 5 of the Vaults)
Jewellery
 k - the ring "Teamaqis" {rPois rCorr Str+3 SInv}
   (You acquired it on level 6 of the Dungeon)

   [ring of see invisible]

   Str:       It affects your strength (+3).
   rPois:     It protects you from poison.
   SInv:      It lets you see invisible.
   rCorr:     It protects you from acid and corrosion.
 y - a ring of flight
   (You found it on level 8 of the Dungeon)
 F - a ring of protection from fire
   (You found it on level 1 of the Crypt)
 I - a +6 ring of dexterity
   (You found it on level 13 of the Dungeon)
 N - a ring of positive energy
   (You found it on level 5 of the Dungeon)
 O - the amulet "Pixijune" (around neck) {Reflect Rampage Str+5 SH+5}
   (You found it on level 1 of the Vaults)

   [amulet of reflection]

   It reflects blocked missile attacks.
   Str:       It affects your strength (+5).
   SH:        It affects your SH (+5).
   Rampage:   It bestows one free step when moving towards enemies.
 P - the ring of the Lotus Blossom (right hand) {Fire rElec rN+++ Dex-2 Stlth+}
   (You found it on level 1 of the Vaults)

   [ring of fire]

   It enhances your fire magic.
   Dex:       It affects your dexterity (-2).
   rF:        It protects you from fire.
   rC:        It makes you vulnerable to cold.
   rElec:     It insulates you from electricity.
   rN:        It renders you almost immune to negative energy.
   Stlth:     It makes you more stealthy.
 U - a +6 ring of strength (left hand)
   (You found it on level 13 of the Dungeon)
 V - the amulet of the Four Winds {rN+ Will+++ Clar}
   (You took it off a deep elf sorcerer on level 3 of the Elven Halls)

   [amulet of nothing]

   rN:        It protects you from negative energy.
   Clar:      It protects you against confusion.
   Will:      It greatly increases your willpower.
Wands
 d - a wand of mindburst (17)
   (You found it on level 3 of the Crypt)
 f - a wand of flame (44)
   (You found it on level 5 of the Dungeon)
 m - a wand of roots (20)
   (You took it off Ijyb on level 3 of the Dungeon)
 v - a wand of charming (46)
   (You found it on level 3 of the Dungeon)
 x - a wand of acid (9)
   (You found it on level 4 of the Dungeon)
 D - a wand of digging (30)
   (You found it on level 6 of the Dungeon)
Scrolls
 e - 11 scrolls of poison {!r}
 r - 8 scrolls of fog
 t - 21 scrolls of teleportation {@r4}
 u - 7 scrolls of noise {!r}
 z - 3 scrolls of silence
 E - 6 scrolls of immolation {!r}
 K - 6 scrolls of magic mapping
 R - 5 scrolls of summoning
 S - 8 scrolls of fear
 X - 2 scrolls of blinking
Potions
 c - a potion of invisibility
 h - 8 potions of mutation {!q}
 i - a potion of flight
 l - 7 potions of cancellation
 n - 5 potions of heal wounds {@q2}
 o - 4 potions of might
 p - 11 potions of attraction {!q}
 q - 9 potions of lignification {!q}
 A - 19 potions of curing {@q1}
 B - 6 potions of haste {@q3}
 W - 5 potions of resistance
Miscellaneous
 H - a box of beasts
   (You found it on level 3 of the Elven Halls)
 Q - a tin of tremorstones (2/2)
   (You found it on level 3 of the Crypt)


   Skills:
 + Level 23.4 Fighting
 + Level 26.7 Axes
 + Level 19.4 Ranged Weapons
 - Level 11.9 Throwing
 + Level 21.5 Armour
 + Level 15.5 Dodging
 - Level 11.0 Stealth
 + Level 13.4 Evocations


You had 23 spell levels left.
You didn't know any spells.
Your spell library was empty.

Dungeon Overview and Level Annotations

Branches:
Dungeon (15/15)            Temple (0/1) D:6            Lair (5/5) D:8
  Swamp (4/4) Lair:2       Spider (4/4) Lair:2        Slime (0/5) Lair:4
    Orc (2/2) D:10            Elf (3/3) Orc:2        Vaults (5/5) D:14
  Crypt (3/3) Vaults:2       Tomb (1/3) Crypt:3      Depths (1/4) D:15
Ossuary (visited)

Altars:
Ashenzari
Cheibriados
Elyvilon
Kikubaaqudgha
Trog
Uskayaw
Wu Jian
Yredelemnul
Zin
The Shining One
Jiyva
Lugonu

Shops:
D:5 [   D:7 (   D:10 (   D:15 [   Orc:2 (:[*:   Elf:1 [   Vaults:1 *
Vaults:4 !

Portals:
Abyss: Lair:5

Annotations:
D:4 1 runed translucent door
Elf:2 3 runed translucent doors


Innate Abilities, Weirdness & Mutations

You have a pair of horns on your head.
You reflexively headbutt those who attack you in melee.
Your skin changes colour to match your surroundings (Stealth+).
Armour fits poorly on your strangely shaped body.
Your flesh is heat resistant. (rF+)
You are covered in fur. (AC +1)
You have hidden genetic potential.


Message History

The web tears apart.
You feel a strong urge to attack something.
The grasping roots constrict the jumping spider.
You kill the jumping spider!
Trog accepts your kill. You block the sun moth's attack.
The emperor scorpion simulacrum hits you!
* * * LOW HITPOINT WARNING * * *
The emperor scorpion simulacrum freezes you!!
You feel a terrible chill!
* * * LOW HITPOINT WARNING * * *
The emperor scorpion simulacrum misses you.
The emperor scorpion simulacrum barely misses you.
The entropy weaver simulacrum completely misses you.
You furiously retaliate!
You headbutt the entropy weaver simulacrum!
The sun moth bites you!
* * * LOW HITPOINT WARNING * * *
The emperor scorpion simulacrum hits you.
* * * LOW HITPOINT WARNING * * *
The emperor scorpion simulacrum freezes you!!
You feel a terrible chill!
* * * LOW HITPOINT WARNING * * *
The emperor scorpion simulacrum claws you but does no damage.
The emperor scorpion simulacrum barely misses you.
* * * LOW MAGIC WARNING * * *
You slice the orb spider simulacrum!!
You melt the orb spider simulacrum.
You feel the power of Trog in you as your rage grows.
You slash the emperor scorpion simulacrum!
You melt the emperor scorpion simulacrum!
You slash the sun moth!
You carve the orb spider simulacrum like a ham!!!
You melt the orb spider simulacrum.
The sun moth bites you.
* * * LOW HITPOINT WARNING * * *
You rampage towards the orb spider!
You slash the orb spider! You burn the orb spider.
You kill the orb spider!
Trog accepts your kill. The sun moth attacks as you move away!
The sun moth completely misses you. The sun moth barely misses you.
You see here an orb spider corpse.
You closely miss the sun moth. You headbutt the sun moth!
You barely miss the sun moth. You headbutt the sun moth.
The sun moth barely misses you.
You completely miss the sun moth.
* * * LOW MAGIC WARNING * * *
You slice the ghost moth simulacrum!!
You melt the ghost moth simulacrum.
You feel the power of Trog in you as your rage grows.
The sun moth bites you!!
You die...

▓▓▓▓▓▓▓▓▓▓
.........▓▓
..........▓▓
.........y.▓▓
$.......Z.y@▓▓
!......°..☼∩.▓
!...........▓▓
...........▓▓
..........▓▓
.........▓▓
▓▓▓▓▓▓▓▓▓▓


You could see 2 sun moths and an emperor scorpion simulacrum.

Vanquished Creatures
  2 dread liches
  Mara (Vaults:5)
  2 ancient liches
  Mennas (Vaults:4)
  Sojobo (Crypt:2)
  A pandemonium lord (Zig:2)
  the Lernaean hydra (Swamp:4)
  2 Killer Klowns (Zig:5)
  Xtahua (Vaults:5)
  The ghost of Zasomp the Slayer, a veteran MiFi of Hepliaklqana (Elf:3)
  3 golden dragons (Vaults:5)
  A bone dragon (Crypt:3)
  A shard shrike zombie (Crypt:3)
  2 tentacled monstrosities
  Jorgrun (Orc:1)
  Mlioglotl (Spider:1)
  Zenata (Elf:1)
  3 liches
  An acid blob (Zig:3)
  6 titans
  2 tentacled starspawn (Abyss:3)
  A deep elf master archer (Elf:3)
  13 sphinxes
  A deep elf blademaster (Elf:3)
  An eldritch tentacle (Vaults:1)
  Agnes (Spider:4)
  4 storm dragons
  2 shadow dragons (Vaults:5)
  12 ancient champions
  Roxanne (Elf:2)
  10 tengu reavers
  A fenstrider witch (Swamp:1)
  4 fire giants
  2 revenants (Crypt:3)
  3 frost giants
  5 iron dragons
  6 deep elf sorcerers
  A balrug (Zig:4)
  6 ghost moths
  4 deep elf elementalists (Elf:3)
  Louise (Swamp:4)
  2 angels (Elf:1)
  9 vault wardens
  A curse skull (Crypt:2)
  21 ghouls
  An orc warlord (Vaults:3)
  9 emperor scorpions
  2 war gargoyles (Vaults:5)
  The ghost of koil the Unseen, an adept SpEn of Okawaru (Spider:3)
  21 ironbound preservers
  7 stone giants
  A quicksilver ooze (Zig:3)
  A juggernaut skeleton (Crypt:1)
  A reaper (Crypt:3)
  6 ironbound thunderhulks
  11 very ugly things
  4 eleionomae
  5 deep elf demonologists
  The ghost of koil the Spry, a journeyman SpEn of Dithmenos (Swamp:1)
  8 vampire knights
  5 deep elf annihilators
  A minotaur (Lair:1)
  4 bunyips
  A bunyip (shapeshifter) (Zig:7)
  10 dire elephants
  4 eidola
  12 ettins
  3 fire dragons
  2 crystal guardians (Vaults:3)
  4 entropy weavers
  5 deep elf high priests
  6 deep elf death magi
  7 mummy priests
  Josephine (Orc:1)
  16 jiangshi
  2 spriggan zombies
  14 yaktaur captains
  5 great orbs of eyes
  31 vault guards
  3 ogre magi
  2 jorogumos
  2 radroaches
  8 centaur warriors
  18 hydras
  2 peacekeepers (Vaults:3)
  6 ironbound frosthearts
  An ice dragon (D:15)
  The ghost of Hubris850 the Frost Mage, a journeyman DrIE of Sif Muna (Lair:1)
  2 ghost crabs
  8 alligators
  2 spriggan skeletons (Crypt:1)
  6 death knights
  15 death scarabs
  4 two-headed ogres
  3 boulder beetles
  A quicksilver ooze zombie (Crypt:2)
  An Orb Guardian skeleton (Crypt:1)
  A spectral emperor scorpion (Spider:4)
  3 vampire magi
  The ghost of freelancePsychic the Slicer, a novice OgWn of Uskayaw (D:8)
  17 dancing weapons
  A spriggan berserker (Swamp:2)
  4 orc high priests
  2 soul eaters (Crypt:1)
  2 thrashing horrors (Lair:5)
  9 deep elf knights
  A titan skeleton (Crypt:1)
  11 pharaoh ants
  23 skeletal warriors
  A sun moth (Spider:3)
  A bunyip zombie (Crypt:3)
  4 steelbarb worms
  2 shadow wraiths (Crypt:3)
  53 deep trolls
  A sea snake (shapeshifter) (Vaults:3)
  An iron troll (Zig:6)
  7 goliath frogs
  A shadow demon (Abyss:3)
  3 wretched stars (Abyss:3)
  7 flayed ghosts
  3 spriggan druids
  A swamp dragon (shapeshifter) (D:15)
  9 swamp dragons
  12 orb spiders
  15 bog bodies
  Pikel (D:8)
  A bunyip skeleton (Crypt:1)
  4 wolf spider zombies (Spider:2)
  22 ironbound convokers
  2 wizards
  18 phantasmal warriors
  14 deep elf archers
  5 harpies (Vaults:1)
  27 deep elf zephyrmancers
  25 wolf spiders
  11 lindwurms
  5 spectral wolf spiders
  27 deep elf pyromancers
  11 orc knights
  5 necromancers
  A sphinx zombie (Crypt:3)
  32 ugly things
  5 oklob plants
  A harpy (shapeshifter) (Elf:1)
  A broodmother zombie (Spider:4)
  3 cyclopes
  A cyclops (shapeshifter) (Vaults:3)
  A glowing shapeshifter (Vaults:3)
  2 manticores
  11 will-o-the-wisps
  4 orc sorcerers (Orc:2)
  6 moths of wrath
  A dire elephant zombie (Crypt:3)
  14 elephants
  2 smoke demons (Lair:5)
  20 vault sentinels
  A stone giant skeleton (Vaults:2)
  5 black mambas
  4 gargoyles
  An eye of devastation (shapeshifter) (Vaults:5)
  An emperor scorpion simulacrum (Crypt:1)
  2 centaur skeletons
  13 demonic crawlers
  9 cane toads
  5 large abominations
  2 torpor snails
  2 rime drakes
  A hellion (Vaults:1)
  4 spectral redbacks (Spider:4)
  An efreet (Zig:4)
  A sea snake zombie (Crypt:3)
  A yaktaur (shapeshifter) (Zig:5)
  31 yaktaurs
  3 freezing wraiths
  A redback zombie (Spider:4)
  14 komodo dragons
  2 kobold demonologists (D:10)
  A red draconian skeleton (Crypt:1)
  4 ancient zymes
  8 guardian mummies
  A ghost moth simulacrum (Spider:3)
  A purple draconian skeleton (Crypt:1)
  A queen bee (Lair:3)
  2 harpy zombies
  3 polar bears
  3 meliai
  A yellow draconian skeleton (Crypt:2)
  A spectral tarantella (Spider:4)
  A queen bee (shapeshifter) (D:15)
  A bloated husk (Swamp:4)
  13 hornets
  6 trolls
  14 tyrant leeches
  6 wolf spider simulacra
  A culicivora zombie (Spider:4)
  2 spectral jumping spiders (Spider:4)
  The ghost of ytrimaz the Chopper, an amateur DjMo (D:4)
  A slime creature (shapeshifter) (Vaults:2)
  21 slime creatures
  A spectral culicivora (Spider:4)
  A harpy skeleton (Crypt:3)
  13 dream sheep (Lair:2)
  Prince Ribbit (D:7)
  18 tarantellas
  30 blink frogs
  A radroach zombie (Crypt:2)
  A jumping spider zombie (Spider:4)
  A great orb of eyes zombie (Crypt:1)
  3 tarantella zombies (Spider:4)
  10 flying skulls (Crypt:2)
  25 jumping spiders
  Sigmund (D:5)
  13 starcursed masses (Abyss:3)
  A centaur simulacrum (Crypt:1)
  A spriggan (shapeshifter) (Vaults:5)
  16 wraiths
  2 shadows
  A ynoxinul (Lair:5)
  A yak (shapeshifter) (D:13)
  21 culicivoras
  5 air elementals
  3 ushabtiu
  38 yaks
  A vampire (D:9)
  2 water elementals
  12 spriggans
  2 wyverns
  42 redbacks
  A slime creature zombie (Crypt:3)
  2 basilisks
  A fire elemental (Elf:2)
  2 golden eyes (Zig:3)
  Grum (D:8)
  10 humans (D:14)
  A redback (shapeshifter) (Zig:5)
  10 vampire mosquitoes
  2 steam dragons (D:8)
  4 chaos spawn
  19 swamp worms
  A yaktaur simulacrum (Vaults:2)
  2 harpy simulacra (Crypt:1)
  4 wargs
  An entropy weaver zombie (Vaults:2)
  3 acid dragons
  19 water moccasins
  3 glowing shapeshifter skeletons
  A hell hound (Zig:4)
  A naga skeleton (Crypt:1)
  29 orc warriors
  9 swamp drakes
  6 black bears
  10 ogres
  7 centaurs
  2 ice beasts
  2 sky beasts (D:7)
  18 wolves
  13 boggarts
  A lemure (D:8)
  A phantom (D:6)
  13 kobold brigands
  9 bullfrogs
  A komodo dragon skeleton (Crypt:1)
  5 scorpions
  6 necrophages
  6 earth elementals
  2 entropy weaver simulacra (Spider:3)
  5 wights (D:9)
  23 killer bees (Lair:3)
  A yak zombie (Crypt:1)
  10 small abominations
  8 howler monkeys
  5 electric eels
  A crimson imp (D:9)
  2 gnoll boudas
  An iron imp (D:9)
  5 jellies
  19 orc priests
  5 hounds
  A human zombie (Ossuary)
  Ijyb (D:3)
  32 orc wizards
  5 iguanas
  A hound zombie (Crypt:1)
  8 mummies
  14 gnolls
  A howler monkey skeleton (Crypt:3)
  6 adders
  A shadow imp (D:9)
  2 white imps
  An ufetubus (D:6)
  A lava snake zombie (Crypt:1)
  2 lava snake skeletons (Crypt:2)
  4 worms
  4 dart slugs
  80 orcs
  10 ball pythons
  A bat skeleton (Crypt:2)
  10 endoplasms
  6 giant cockroaches
  10 goblins
  14 hobgoblins
  4 jackals (D:5)
  5 quokkas
  A ball python skeleton (Crypt:3)
  5 bats
  4 frilled lizards
  A gnoll skeleton (Crypt:3)
  2 gnoll zombies (Ossuary)
  2 goblin zombies (Ossuary)
  A hobgoblin zombie (Ossuary)
  30 kobolds
  A kobold zombie (Ossuary)
  An orc zombie (Ossuary)
  4 rats
  A bush (Lair:5)
  3 starspawn tentacles (Abyss:3)
1980 creatures vanquished.

Vanquished Creatures (collateral kills)
  The ghost of Zivuv the Executioner, a veteran FoFi of Dithmenos (Crypt:1)
  An orc sorcerer (Orc:1)
  An ancient zyme (Lair:5)
  3 blink frogs (Lair:5)
  A wraith (Crypt:1)
  3 basilisks (Lair:5)
  2 small abominations (Lair:5)
  3 orc priests (Orc:1)
  A gnoll bouda (D:6)
  An orc wizard (D:8)
  4 orcs (Orc:1)
21 creatures vanquished.

Vanquished Creatures (others)
  2 deep elf knights
  A deep elf archer (Elf:1)
  A spectral wolf spider (Spider:2)
  A manticore (D:11)
  A harpy skeleton (Crypt:1)
  A blink frog (Lair:5)
  A jumping spider (Spider:3)
  A boggart (Vaults:1)
  A necrophage (Crypt:2)
  An electric eel (D:10)
  An orc priest (Orc:2)
  2 orc wizards (D:10)
  An orc (D:8)
  68 foxfires
  91 fungi
  124 plants
  7 starspawn tentacles (Abyss:3)
305 creatures vanquished.

Grand Total: 2306 creatures vanquished

Notes
Turn   | Place    | Note
-------+----------+-------------------------------------------
     0 | D:1      | Pooter the Minotaur Berserker began the quest for the Orb.
     0 | D:1      | Reached XP level 1. HP: 19/19 MP: 0/0
   474 | D:1      | Reached skill level 4 in Axes
   474 | D:1      | Reached XP level 2. HP: 27/27 MP: 1/1
   793 | D:1      | Reached XP level 3. HP: 32/34 MP: 2/2
   839 | D:1      | Reached ** piety under Trog
  1050 | D:1      | Found a faded altar of an unknown god.
  1545 | D:2      | Reached XP level 4. HP: 35/41 MP: 3/3
  1709 | D:2      | Reached skill level 5 in Fighting
  1709 | D:2      | Reached skill level 5 in Axes
  2254 | D:3      | Noticed Ijyb
  2260 | D:3      | Killed Ijyb
  2261 | D:3      | Reached XP level 5. HP: 48/48 MP: 4/4
  2742 | D:4      | Found a broken altar of Ashenzari.
  2871 | D:4      | Reached skill level 6 in Axes
  2881 | D:4      | Reached skill level 1 in Evocations
  2955 | D:4      | Reached XP level 6. HP: 57/57 MP: 5/5
  3057 | D:4      | Found a runed translucent door.
  3075 | D:4      | Noticed ytrimaz's ghost (amateur DjMo)
  3084 | D:4      | Killed ytrimaz's ghost
  3085 | D:4      | Reached skill level 7 in Axes
  3085 | D:4      | Reached XP level 7. HP: 66/66 MP: 6/6
  3149 | D:4      | Found a runed translucent door.
  3195 | D:4      | Identified the +2 pair of boots of Demons {Will+ MP+9}
  3395 | D:4      | Reached *** piety under Trog
  3396 | D:4      | Found a white marble altar of Elyvilon.
  3396 | D:4      | Found an ornate altar of the Wu Jian Council.
  3820 | D:5      | Entered Level 5 of the Dungeon
  3879 | D:5      | Found a sand-covered staircase.
  3889 | Ossuary  | Entered an ossuary
  4282 | D:5      | Found Ahusch's Armour Boutique.
  4321 | D:5      | Reached skill level 8 in Axes
  4418 | D:5      | Reached XP level 8. HP: 73/73 MP: 7/7
  4700 | D:5      | Reached skill level 9 in Axes
  4818 | D:5      | Noticed Sigmund
  4831 | D:5      | Killed Sigmund
  4971 | D:5      | Identified the amulet "Laeloac" {Reflect Int+3 SH+5}
  5169 | D:6      | Identified 3 scrolls of acquirement
  5169 | D:6      | Acquired the ring "Teamaqis" {rPois rCorr Str+3 SInv}
  5171 | D:6      | Acquired a manual of Ranged Weapons
  5173 | D:6      | Acquired 1065 gold pieces
  5198 | D:6      | Found a staircase to the Ecumenical Temple.
  5212 | D:6      | Reached skill level 1 in Ranged Weapons
  5230 | D:6      | Reached **** piety under Trog
  5401 | D:6      | Reached skill level 10 in Axes
  5793 | D:6      | Reached XP level 9. HP: 82/82 MP: 8/8
  6265 | D:7      | Reached skill level 5 in Evocations
  6279 | D:7      | Gained mutation: You are strong-willed. (Will+) [potion of
                  | mutation]
  6280 | D:7      | Lost mutation: You are strong-willed. (Will+) [potion of
                  | mutation]
  6280 | D:7      | Gained mutation: Your body sometimes deteriorates upon
                  | taking damage. [potion of mutation]
  6281 | D:7      | Lost mutation: Your body sometimes deteriorates upon taking
                  | damage. [potion of mutation]
  6281 | D:7      | Gained mutation: Potions are less effective at restoring
                  | your health. [potion of mutation]
  6281 | D:7      | Gained mutation: Your flesh is heat resistant. (rF+)
                  | [potion of mutation]
  6281 | D:7      | Gained mutation: You are agile. (Dex +4, Str/Int -1)
                  | [potion of mutation]
  6282 | D:7      | Lost mutation: You are agile. (Dex +4, Str/Int -1) [potion
                  | of mutation]
  6282 | D:7      | Lost mutation: Potions are less effective at restoring your
                  | health. [potion of mutation]
  6282 | D:7      | Gained mutation: Your muscles are strong. (Str +4, Int/Dex
                  | -1) [potion of mutation]
  6282 | D:7      | Gained mutation: Your spells are a little easier to cast,
                  | but a little less powerful. [potion of mutation]
  6314 | D:7      | Noticed Prince Ribbit
  6316 | D:7      | Killed Prince Ribbit
  6327 | D:7      | Found Bulesoaw's Weapon Shoppe.
  6660 | D:7      | Reached skill level 11 in Axes
  6677 | D:7      | Reached skill level 5 in Ranged Weapons
  6747 | D:7      | Upgraded the game from 0.30-a0-250-g41c1d76940 to
                  | 0.30-a0-263-ge22c4ad894
  6900 | D:8      | Reached XP level 10. HP: 85/93 MP: 9/9
  6940 | D:8      | Reached skill level 12 in Axes
  6969 | D:8      | Noticed Pikel
  6974 | D:8      | Killed Pikel
  6975 | D:8      | Reached skill level 10 in Fighting
  7025 | D:8      | Found a staircase to the Lair.
  7533 | D:8      | Found a runed translucent gate.
  7533 | D:8      | Noticed freelancePsychic's ghost (novice OgWn)
  7534 | D:8      | Found a runed translucent gate.
  7535 | D:8      | Found a runed translucent gate.
  7543 | D:8      | Noticed Grum
  7551 | D:8      | Killed Grum
  7972 | D:9      | Reached skill level 13 in Axes
  8257 | D:9      | Reached XP level 11. HP: 87/101 MP: 10/10
  8345 | D:9      | You fall into a shaft and drop 2 floors!
  8346 | D:11     | Noticed a two-headed ogre
  8353 | D:11     | Killed a two-headed ogre
  8447 | D:10     | Entered Level 10 of the Dungeon
  8512 | D:10     | Found a snail-covered altar of Cheibriados.
  8610 | D:10     | Reached ***** piety under Trog
  9114 | D:9      | Noticed a deep elf pyromancer
  9117 | D:9      | Killed a deep elf pyromancer
  9118 | D:9      | Reached skill level 14 in Axes
  9119 | D:9      | Noticed a deep elf zephyrmancer
  9124 | D:9      | Killed a deep elf zephyrmancer
  9203 | D:9      | Reached skill level 10 in Ranged Weapons
  9575 | D:10     | Found Seodes's Weapon Emporium.
  9637 | D:10     | Noticed a soul eater
  9769 | D:10     | Noticed a soul eater
  9788 | D:10     | Paralysed by you for 3 turns
 10055 | D:10     | Found a staircase to the Orcish Mines.
 10420 | Orc:1    | Entered Level 1 of the Orcish Mines
 10610 | Orc:1    | Noticed an orc sorcerer
 10617 | Orc:1    | Killed an orc sorcerer
 10617 | Orc:1    | Received a gift from Trog
 10677 | Orc:1    | Noticed an orc knight
 10680 | Orc:1    | Noticed an orc knight
 10926 | Orc:1    | Killed an orc knight
 10927 | Orc:1    | Reached skill level 15 in Axes
 10950 | D:10     | Killed an orc knight
 11096 | Orc:1    | Noticed an orc knight
 11110 | Orc:1    | Killed an orc knight
 11427 | Orc:2    | Entered Level 2 of the Orcish Mines
 11427 | Orc:2    | Found a bloodstained altar of Trog.
 11533 | Orc:1    | Noticed Josephine
 11536 | Orc:1    | Killed Josephine
 11537 | Orc:1    | Reached XP level 12. HP: 112/112 MP: 11/11
 11538 | Orc:1    | Noticed Jorgrun
 11610 | Orc:1    | Killed Jorgrun
 12398 | Orc:2    | Reached skill level 16 in Axes
 13211 | Orc:2    | Found a staircase to the Elven Halls.
 14397 | Orc:2    | Found Xihyosh's Book Shop.
 14467 | Orc:2    | Noticed an orc high priest
 14468 | Orc:2    | Noticed an orc high priest
 14471 | Orc:2    | Killed an orc high priest
 14477 | Orc:2    | Killed an orc high priest
 14478 | Orc:2    | Noticed an orc high priest
 14482 | Orc:2    | Killed an orc high priest
 14483 | Orc:2    | Reached skill level 17 in Axes
 15371 | Orc:2    | Found Onaenil's Armour Emporium.
 15389 | Orc:2    | Found Heetitziaf's Weapon Shop.
 15525 | Orc:2    | Found Xocairao's Book Shop.
 15527 | Orc:2    | Found Dots's General Store.
 15538 | Orc:2    | Bought 4 curare-tipped darts for 33 gold pieces
 15538 | Orc:2    | Bought a scroll of poison for 56 gold pieces
 15538 | Orc:2    | Bought a wand of charming (5) for 168 gold pieces
 15538 | Orc:2    | Bought a potion of curing for 42 gold pieces
 15538 | Orc:2    | Bought 4 atropa-tipped darts for 33 gold pieces
 16480 | Lair:1   | Entered Level 1 of the Lair of Beasts
 16520 | Lair:1   | Noticed Hubris850's ghost (journeyman DrIE)
 16687 | Lair:1   | Found a glowing golden altar of the Shining One.
 16775 | Lair:1   | Reached XP level 13. HP: 104/122 MP: 12/12
 16971 | Lair:1   | Identified the +5 trident "Tusal" {vorpal, Str+4}
 16971 | Lair:1   | Noticed a minotaur
 16999 | Lair:1   | Found a runed translucent gate.
 16999 | Lair:1   | Found a runed translucent gate.
 16999 | Lair:1   | Found a runed translucent gate.
 17379 | Lair:1   | Killed Hubris850's ghost
 17382 | Lair:1   | Killed a minotaur
 17691 | Lair:2   | Reached skill level 18 in Axes
 17890 | Lair:2   | Found a staircase to the Swamp.
 18033 | Lair:2   | Found a hole to the Spider Nest.
 18412 | Lair:2   | Reached skill level 15 in Ranged Weapons
 19690 | Lair:3   | Reached skill level 19 in Axes
 19750 | Lair:3   | Received a gift from Trog
 19890 | Lair:3   | Reached XP level 14. HP: 133/133 MP: 13/13
 20691 | Lair:4   | Found a viscous altar of Jiyva.
 20698 | Lair:4   | Found a staircase to the Slime Pits.
 21375 | Lair:4   | Reached skill level 15 in Fighting
 21688 | Lair:5   | Entered Level 5 of the Lair of Beasts
 22268 | Lair:5   | Reached skill level 5 in Armour
 22319 | Lair:5   | Reached skill level 20 in Axes
 22335 | Lair:5   | Received a gift from Trog
 23359 | Lair:5   | Found a corrupted altar of Lugonu.
 23359 | Lair:5   | Found a one-way gate to the infinite horrors of the Abyss.
 24186 | D:12     | Found a glowing silver altar of Zin.
 24365 | D:12     | Reached XP level 15. HP: 87/141 MP: 14/14
 25610 | D:13     | Found a hide-covered altar of Uskayaw.
 25623 | D:13     | Identified the +1 chain mail of a Billion Towns {Rampage
                  | rElec Str-2 Stlth+}
 26471 | D:13     | Reached skill level 21 in Axes
 26471 | D:13     | Reached XP level 16. HP: 150/150 MP: 15/15
 27012 | D:14     | Identified the +3 short sword of the Hidden Mice {flame,
                  | Fragile rPois Str+2} (Trog gifted it to you on level 14 of
                  | the Dungeon)
 27012 | D:14     | Received a gift from Trog
 27241 | D:14     | Found a gate to the Vaults.
 27254 | D:14     | Identified the +7 kite shield "Keficw" {rF+ Int+4}
 27266 | D:14     | Identified the +10 great sword "Guliokiv" {spect, Fly
                  | Stlth+}
 27377 | D:15     | Entered Level 15 of the Dungeon
 27824 | D:15     | Reached skill level 22 in Axes
 28039 | D:15     | Found Kaoves's Armour Shoppe.
 28395 | D:15     | Found a staircase to the Depths.
 28954 | D:8      | Killed freelancePsychic's ghost
 29134 | Elf:1    | Entered Level 1 of the Elven Halls
 29331 | Elf:1    | Paralysed by an air elemental for 1 turns
 29560 | Elf:1    | Found Sogg's Armour Shoppe.
 29616 | Elf:1    | Noticed Zenata
 29623 | Elf:1    | Killed Zenata
 29633 | Elf:1    | HP: 11/228 [deep elf zephyrmancer/bolt of lightning (27)]
 29900 | Elf:1    | Found a white marble altar of Elyvilon.
 29969 | Elf:1    | Paralysed by an air elemental for 1 turns
 30186 | Elf:1    | Received a gift from Trog
 30189 | Elf:1    | Reached XP level 17. HP: 159/160 MP: 16/16
 30397 | Elf:1    | Reached skill level 23 in Axes
 31303 | Elf:1    | Found a glowing silver altar of Zin.
 31311 | Elf:1    | Found a glowing golden altar of the Shining One.
 31545 | Elf:1    | Identified the +10 flail "Widowmaker" {drain, Int+3 SInv
                  | Stlth-}
 31558 | Elf:1    | Reached skill level 10 in Armour
 31781 | Elf:2    | Paralysed by an air elemental for 1 turns
 31784 | Elf:2    | Identified Roxanne's Directory of the Caves
 31784 | Elf:2    | Noticed Roxanne
 31784 | Elf:2    | Paralysed by an air elemental for 1 turns
 31922 | Elf:2    | Found a runed translucent gate.
 31923 | Elf:2    | Found a runed translucent gate.
 31923 | Elf:2    | Found a runed translucent gate.
 32319 | Elf:2    | Killed Roxanne
 32619 | Elf:3    | Entered Level 3 of the Elven Halls
 32947 | Elf:3    | Reached skill level 24 in Axes
 33022 | Elf:3    | Paralysed by an air elemental for 1 turns
 33092 | Elf:3    | Received a gift from Trog
 33184 | Elf:3    | Found a runed translucent door.
 33186 | Elf:3    | Noticed Zasomp's ghost (veteran MiFi)
 33214 | Elf:3    | Killed Zasomp's ghost
 33215 | Elf:3    | Reached skill level 1 in Throwing
 33483 | Elf:3    | Reached skill level 1 in Stealth
 33595 | Elf:3    | Reached ****** piety under Trog
 33980 | Elf:3    | Identified the +2 sling "Ecsiar" {flame, Will+ Int-3 Dex+8
                  | Stlth+}
 33987 | Elf:3    | Upgraded the game from 0.30-a0-263-ge22c4ad894 to
                  | 0.30-a0-269-gf0224bf7b6
 34084 | Elf:3    | HP: 2/163 [deep elf annihilator/crystal spear (40)]
 34784 | Elf:3    | Noticed a deep elf blademaster
 34795 | Elf:3    | Killed a deep elf blademaster
 35364 | Elf:3    | Noticed a deep elf master archer
 35378 | Elf:3    | Killed a deep elf master archer
 35893 | Abyss:3  | Cast into level 3 of the Abyss (a deep elf demonologist)
 35959 | Abyss:3  | Paralysed by accursed screaming for 1 turns
 36003 | Abyss:3  | Found a corrupted altar of Lugonu.
 36004 | Abyss:3  | Got an abyssal rune of Zot
 36037 | Abyss:3  | Reached XP level 18. HP: 47/172 MP: 13/13
 36071 | Abyss:3  | Found a corrupted altar of Lugonu.
 36103 | Elf:3    | Escaped the Abyss
 37810 | Elf:3    | Identified the +4 great mace of the Apocalypse {flame,
                  | Int-5 Dex+3 Stlth+}
 38292 | Elf:3    | Identified the +9 lajatang of Darkness {protect, rCorr
                  | Str+4 Int+2 Stlth+}
 38545 | Elf:3    | Identified the amulet of the Evening {Acrobat rF+ Str-5
                  | SInv}
 39856 | Elf:3    | Reached skill level 5 in Dodging
 41733 | Elf:3    | Identified the +0 scale mail "Jedoluet" {rPois Str+9}
 41813 | Elf:3    | Found the +2 hood of the Assassin {Detection Stab+ Stlth++}
 42150 | Swamp:1  | Entered Level 1 of the Swamp
 42516 | Swamp:1  | Found a runed translucent gate.
 42517 | Swamp:1  | Found a runed translucent gate.
 42519 | Swamp:1  | Noticed koil's ghost (journeyman SpEn)
 42524 | Swamp:1  | Found a runed translucent gate.
 43210 | Swamp:1  | Killed koil's ghost
 43358 | Swamp:2  | Reached skill level 5 in Throwing
 44571 | Swamp:3  | Reached skill level 5 in Stealth
 45131 | Swamp:3  | Noticed a tentacled monstrosity
 45142 | Swamp:3  | Killed a tentacled monstrosity
 45537 | Swamp:4  | Entered Level 4 of the Swamp
 45628 | Swamp:4  | Noticed Louise
 45943 | Swamp:4  | Identified the +1 pair of boots of the Midnight Sun {rF-
                  | Str+2 Dex+5 SInv}
 46039 | Swamp:4  | Noticed the 27-headed Lernaean hydra
 46066 | Swamp:4  | Killed the 23-headed Lernaean hydra
 46161 | Swamp:4  | Reached XP level 19. HP: 101/183 MP: 18/18
 46984 | Swamp:4  | Got a decaying rune of Zot
 47093 | Swamp:4  | Killed Louise
 47267 | Swamp:4  | Received a gift from Trog
 47594 | Spider:1 | Entered Level 1 of the Spider Nest
 48276 | Spider:1 | Noticed Mlioglotl
 48282 | Spider:1 | Killed Mlioglotl
 48325 | Spider:1 | Acquired the +3 pair of gloves of Moleum {*Slow Regen+
                  | Int+4}
 48950 | Spider:2 | Received a gift from Trog
 49216 | Spider:2 | Reached skill level 15 in Armour
 49688 | Spider:3 | Received a gift from Trog
 49884 | Spider:3 | Noticed koil's ghost (adept SpEn)
 50271 | Spider:3 | Found a transporter.
 50275 | Spider:3 | Found a transporter.
 50409 | Spider:4 | Entered Level 4 of the Spider Nest
 58399 | Spider:4 | Noticed Agnes
 58406 | Spider:4 | Killed Agnes
 58407 | Spider:4 | Reached XP level 20. HP: 187/193 MP: 19/19
 58422 | Spider:4 | Reached skill level 10 in Dodging
 59035 | Spider:4 | Identified the +2 hat of the Maze {+Inv rPois Regen+
                  | Stlth-}
 59037 | Spider:4 | Identified the +0 hat of Inaction {Regen+ Dex+4}
 59044 | Spider:4 | Identified the +3 hat "Hietot" {rPois SInv}
 59048 | Spider:4 | Got a gossamer rune of Zot
 59550 | Vaults:1 | Entered Level 1 of the Vaults
 59674 | Vaults:1 | Received a gift from Trog
 59850 | Vaults:1 | Found Togyst's General Store.
 59899 | Vaults:1 | Bought a potion of mutation for 80 gold pieces
 59899 | Vaults:1 | Bought a wand of acid (2) for 84 gold pieces
 59899 | Vaults:1 | Bought a scroll of enchant weapon for 75 gold pieces
 59899 | Vaults:1 | Bought a potion of heal wounds for 50 gold pieces
 60329 | Vaults:1 | Found a transporter.
 60366 | Vaults:1 | Found a transporter.
 60816 | Vaults:1 | Identified the ring of the Lotus Blossom {Fire rElec rN+++
                  | Dex-2 Stlth+}
 60827 | Vaults:1 | Identified the amulet "Pixijune" {Reflect Rampage Str+5
                  | SH+5}
 61209 | Spider:3 | Received a gift from Trog
 61219 | Spider:3 | Killed koil's ghost
 61968 | Vaults:2 | Found a staircase to the Crypt.
 61985 | Crypt:1  | Entered Level 1 of the Crypt
 62070 | Crypt:1  | Reached skill level 10 in Throwing
 62182 | Crypt:1  | Found a runed translucent gate.
 62182 | Crypt:1  | Found a runed translucent gate.
 62184 | Crypt:1  | Found a runed translucent gate.
 62188 | Crypt:1  | Noticed Zivuv's ghost (veteran FoFi)
 62197 | Crypt:1  | Killed Zivuv's ghost
 62246 | Crypt:1  | Reached skill level 10 in Evocations
 62246 | Crypt:1  | Reached XP level 21. HP: 203/203 MP: 20/20
 62783 | Crypt:2  | Received a gift from Trog
 63302 | Crypt:2  | Identified the +12 dagger "Fuxeh" {elec, rElec rCorr Int-4}
 63703 | Crypt:3  | Entered Level 3 of the Crypt
 63807 | Crypt:3  | Noticed Sojobo
 63816 | Crypt:2  | Killed Sojobo
 63819 | Crypt:2  | Received a gift from Trog
 63868 | Crypt:2  | Reached skill level 25 in Axes
 63868 | Crypt:2  | Paralysed by a vampire knight for 4 turns
 63894 | Crypt:3  | Reached skill level 10 in Stealth
 64475 | Crypt:3  | Found a staircase to the Tomb.
 64552 | Crypt:2  | Found a basalt altar of Yredelemnul.
 64834 | Crypt:3  | Found a basalt altar of Yredelemnul.
 64835 | Crypt:3  | Noticed a dread lich
 64841 | Crypt:3  | Killed a dread lich
 64841 | Crypt:3  | Received a gift from Trog
 64842 | Crypt:3  | Found an ancient bone altar of Kikubaaqudgha.
 64911 | Crypt:3  | Reached XP level 22. HP: 213/213 MP: 21/21
 64984 | Crypt:3  | Identified the ring of Xed Ebac {rN+ Will+ Int+2 Dex+4
                  | Stlth+}
 64984 | Crypt:3  | Identified the ring "Heonoaca" {rF- rN+ Str+3 Dex+4 Stlth+}
 64984 | Crypt:3  | Identified the ring "Ymiumav" {rN+ Int+5 SInv Stlth+}
 65179 | Tomb:1   | Entered Level 1 of the Tomb of the Ancients
 66593 | Vaults:2 | Received a gift from Trog
 67504 | Vaults:3 | Received a gift from Trog
 68313 | Vaults:4 | Noticed Mennas
 68318 | Vaults:4 | Killed Mennas
 68338 | Vaults:4 | Identified the +3 arbalest of the Lurker {vorpal, MP+9}
 68342 | Vaults:4 | Identified the +7 arbalest of Attainder {freeze, Str+3}
 68354 | Vaults:4 | Found Bueq's Distillery.
 68357 | Vaults:4 | Bought a potion of heal wounds for 85 gold pieces
 68357 | Vaults:4 | Bought a potion of curing for 51 gold pieces
 68357 | Vaults:4 | Bought a potion of mutation for 136 gold pieces
 68357 | Vaults:4 | Bought a potion of curing for 51 gold pieces
 68357 | Vaults:4 | Lost mutation: Your spells are a little easier to cast, but
                  | a little less powerful. [potion of mutation]
 68357 | Vaults:4 | Lost mutation: Your flesh is heat resistant. (rF+) [potion
                  | of mutation]
 68357 | Vaults:4 | Lost mutation: Your muscles are strong. (Str +4, Int/Dex
                  | -1) [potion of mutation]
 68357 | Vaults:4 | Gained mutation: You occasionally lose the ability to drink
                  | potions when taking damage. [potion of mutation]
 68357 | Vaults:4 | Gained mutation: You passively map a small area around you.
                  | [potion of mutation]
 68358 | Vaults:4 | Lost mutation: You passively map a small area around you.
                  | [potion of mutation]
 68358 | Vaults:4 | Lost mutation: You occasionally lose the ability to drink
                  | potions when taking damage. [potion of mutation]
 68358 | Vaults:4 | Gained mutation: Armour fits poorly on your strangely
                  | shaped body. [potion of mutation]
 68358 | Vaults:4 | Gained mutation: Your skin changes colour to match your
                  | surroundings (Stealth+). [potion of mutation]
 68358 | Vaults:4 | Gained mutation: Your flesh is heat resistant. (rF+)
                  | [potion of mutation]
 68358 | Vaults:4 | Gained mutation: You have hidden genetic potential. [potion
                  | of mutation]
 69122 | Vaults:4 | Reached XP level 23. HP: 166/223 MP: 22/22
 69471 | Vaults:4 | Received a gift from Trog
 69634 | Vaults:5 | Entered Level 5 of the Vaults
 69646 | Vaults:5 | Reached skill level 26 in Axes
 69679 | Vaults:5 | Noticed a dread lich
 69681 | Vaults:5 | Received a gift from Trog
 69754 | Vaults:5 | Killed a dread lich
 69853 | Vaults:5 | Identified the ring "Lyimn" {rC+ Will+}
 69856 | Vaults:5 | HP: 8/225 [tengu reaver/bolt of cold (62)]
 70084 | Vaults:5 | Gained mutation: You are covered in fur. (AC +1) [hidden
                  | potential]
 70153 | Vaults:5 | Noticed Mara
 70160 | Vaults:5 | Killed Mara
 70201 | Vaults:5 | Noticed an ancient lich
 70207 | Vaults:5 | Killed an ancient lich
 70360 | Vaults:5 | Noticed Xtahua
 70366 | Vaults:5 | Killed Xtahua
 70401 | Vaults:5 | Received a gift from Trog
 70402 | Vaults:5 | Reached skill level 15 in Dodging
 70506 | Vaults:5 | Identified the +7 mace of Propriety {vorpal, rC+ Str+3}
 70587 | Vaults:5 | Reached XP level 24. HP: 235/235 MP: 22/22
 70665 | Vaults:5 | Got a silver rune of Zot
 71061 | Vaults:5 | Identified the +7 flail of Muypil {pain, Dex+8}
 71084 | Vaults:5 | Identified the +5 quick blade "Jellybane" {protect, rF+}
 71481 | Depths:1 | Entered Level 1 of the Depths
 71497 | Depths:1 | Found a one-way gateway to a ziggurat.
 71507 | Zig:1    | Entered Level 1 of a ziggurat
 71528 | Zig:2    | Entered Level 2 of a ziggurat
 71631 | Zig:2    | Noticed Hiaschet the pandemonium lord
 71646 | Zig:2    | Killed Hiaschet the pandemonium lord
 71702 | Zig:3    | Entered Level 3 of a ziggurat
 71814 | Zig:3    | Identified the +9 mace "Gaufasch" {spect, rF- Will+ Int+3
                  | Dex+3}
 71819 | Zig:4    | Entered Level 4 of a ziggurat
 71881 | Zig:4    | Identified the ring "Umufipsia" {rF+ rN++ Int+7 Stlth-}
 71886 | Zig:5    | Entered Level 5 of a ziggurat
 71892 | Zig:5    | Noticed a Killer Klown
 71897 | Zig:5    | Noticed a Killer Klown
 71904 | Zig:5    | Killed a Killer Klown
 71910 | Zig:5    | Killed a Killer Klown
 71981 | Zig:5    | Identified the +8 shortbow "Asunn" {speed, +Blink rElec
                  | rPois Str+4}
 71985 | Zig:6    | Entered Level 6 of a ziggurat
 72101 | Zig:6    | Identified the +5 great sword "Tekeope" {freeze, rPois rC+
                  | SInv}
 72108 | Zig:7    | Entered Level 7 of a ziggurat
 72119 | Zig:7    | Noticed an ancient lich
 72135 | Zig:7    | Killed an ancient lich
 72341 | Zig:7    | Identified the +6 dagger of the Mouth {vorpal, Str+3}
 72346 | Zig:8    | Entered Level 8 of a ziggurat
 72374 | Zig:8    | HP: 15/354 [emperor scorpion simulacrum (30)]
 72380 | Zig:8    | Demolished by a sun moth

Illustrated notes

Levels and vault maps discovered:
D:1:      dpeg_arrival_chambers_temple_mockup, layout_rooms,
          ebering_ecumenical_altar_rust, serial_co_window_serial,
          co_window_paths_a, co_window_corner_a, co_window_paths_a,
          co_window_paths_a, co_window_corner_a, co_window_corner_a,
          co_window_of_opportunity_a, co_window_of_opportunity_c,
          co_window_cross_3, co_window_broadway_c, co_window_unsneaky_path_d,
          co_window_of_opportunity_c, co_window_2corner, glass_columns_a,
          glass_columns_a, glass_columns_a, glass_columns_b, glass_columns_a,
          minmay_close_crescents
D:2:      layout_basic
D:3:      layout_basic, corexii_item_surrounded_by_moat, minmay_vboxes,
          uniq_ijyb
D:4:      layout_loops_ring, cheibrodos_ashenzari_chains,
          gammafunk_temple_overflow_elements, ebering_ghost_sewer_f
D:5:      layout_loops_ring, serial_shops, nicolae_shop_hallway_plus,
          gup_ossuary_entry_pyramid, uniq_sigmund
D:6:      layout_cave_pods, minmay_temple_entry_junction, st_stairs_3
D:7:      layout_basic, serial_shops, shop, uniq_prince_ribbit1
D:8:      layout_basic, due_lair_maze_entry_diamond, serial_corexii_hall,
          corexii_hall_statues_l, corexii_hall_statues_i,
          chequers_hall_statues_wall_a, biasface_ghost_orc_armoury, uniq_grum,
          uniq_pikel
D:9:      kennysheep_kobold_camp, layout_basic, hangedman_minor_magic
D:10:     layout_loops_ring, slow_altar_1, erik_orc_2, serial_shops,
          nicolae_take_the_stairs, minivault_16
D:11:     layout_basic, lemuel_flamethrower_2
D:12:     layout_cave_pods, kennysheep_small_circle
D:13:     layout_basic, dancing_weapons_uskayaw
D:14:     layout_cave_pools, ximxim_vaults_locker_room, minmay_misc_feat_plants
D:15:     grunt_enter_depths_hoard, layout_irregular_city, serial_shops, shop
Lair:1:   layout_cave_pods, basic_altar, maelrawn_ghost_gauntlet_escape,
          lemuel_old_faithful, serial_bayou_shore_a
Lair:2:   layout_cave_pods, nicolae_swamp_entry_splash_gauntlet,
          spider_nest_entry_webs, grunt_megastairs_2
Lair:3:   layout_roguey, special_room [special_room_bee],
          hangedman_lair_unloving_vines
Lair:4:   minmay_lair_oklob_chamber, layout_loops_ring,
          nicolae_slime_entry_slimehenge, grunt_megastairs_1
Lair:5:   hellmonk_lair_end_abyssal_woods, layout_regular_city,
          grunt_megastairs_4, lemuel_fruit_fields
Swamp:1:  layout_falls_marsh, ebering_ghost_rock_garden,
          evilmike_swamp_ruin_rubble_1
Swamp:2:  layout_falls_marsh, portal_ice_cave_entry_pillars_four,
          evilmike_swamp_ruin_house_4, swamp_pool1, nicolae_swamp_small_spring,
          infiniplex_staircase_pool
Swamp:3:  layout_basic_swamp, hangedman_swamp_ruin_hall, swamp_pool4
Swamp:4:  swamp_old_school, layout_basic_swamp, uniq_louise
Spider:1: layout_spider_delve, uniq_mlioglotl
Spider:2: layout_spider_delve, special_room, nicolae_spider_undead_wolf_pack,
          nicolae_spider_cling_halls
Spider:3: layout_spider_delve, gammafunk_ghost_mausoleum
Spider:4: floodkiller_spider_rune_tomb, einodemon_crawler_minivault, uniq_agnes
Orc:1:    nicolae_orc_accident_2, layout_diamond_mine, uniq_josephine,
          uniq_jorgrun
Orc:2:    st_orc_elflike, layout_diamond_mine, basic_altar, serial_shops,
          nicolae_square_shop
Elf:1:    layout_loops_corners, serial_shops, shop,
          portal_desolation_entry_holy_temple, kennysheep_underground_church,
          uniq_zenata
Elf:2:    nicolae_elf_blades_crystal_corner, layout_rooms,
          dreamdust_mushroom_princess, uniq_roxanne, uniq_saint_roka
Elf:3:    minmay_elf_hall_dome, layout_gridlike, ebering_ghost_reflecting_pool
Vaults:1: gammafunk_its_a_trap, vaults_dpeg_ring, vaults_dpeg_hooks,
          nicolae_vaults_little_squares_5, hangedman_vaults_slither,
          vaults_room_pools, hangedman_vaults_nails, v_misc_27,
          vaults_room_large_hall, hangedman_vaults_stitches, vaults_dpeg_cross,
          nicolae_vaults_little_squares_4, layout_vaults_omnibox, serial_shops,
          shop
Vaults:2: minmay_crypt_entry_simple_statues, vaults_room_corners, v_misc_24,
          hangedman_vaults_maws, grunt_vaults_swirl, vaults_room_fours,
          hangedman_vaults_corner_blocks, layout_vaults_quadrants
Vaults:3: grunt_vaults_trifunnel, hangedman_vaults_hat, v_alt_pattern_1,
          grunt_vaults_twisty, ontoclasm_vaults_claustrophobia, st_more_cells,
          v_pattern_2, layout_vaults_chaotic_city
Vaults:4: v_misc_15, nicolae_vaults_yaktaur_gun_rack, nicolae_vaults_theta,
          nicolae_vaults_shelves_hall, grunt_vaults_hallway_short,
          nicolae_vaults_big_ls, v_alt_pattern_4, vaults_mumra_hexcomb,
          vaults_room_fours, vaults_room_hangedman_quadrants,
          ontoclasm_vaults_shuriken, grunt_vaults_diagonal,
          vaults_dpeg_diagonal, nicolae_vaults_specimen_jars,
          hangedman_vaults_slice, layout_vaults_omnicross, serial_shops,
          nicolae_shop_behind_doors, uniq_mennas
Vaults:5: serial_shops, uniq_xtahua, uniq_mara
Crypt:1:  layout_misc_corridors, ebering_ghost_rock_garden
Crypt:2:  layout_basic, hex_tiny, palyth_stone_intersect,
          minmay_misc_feat_cross, lemuel_upstairs_altar, grunt_megastairs_3
Crypt:3:  lightli_unholy_cathedral, layout_chaotic_city, uniq_sojobo,
          uniq_josephina
Tomb:1
Depths:1: layout_basic, enter_ziggurat_d, grunt_hell_entry_dis_old,
          serial_shops, nicolae_shop_advertising_works
          [nicolae_subvault_shop_adworks], grunt_decor_arrowhead,
          doesnt_xom_only_xom, serial_bayou_shore_b
Zig:8

Skill      XL: |  1  2  3  4  5  6  7  8  9 10 11 12 13 14 15 16 17 18 19 20 21 22 23 |
---------------+----------------------------------------------------------------------+-----
Fighting       | 4 5 6 7 8 9 10 12 13 14 15 16 18 19 20 21 22 23 | 23.4
Axes           | 4 5 6 7 8 10 11 13 15 17 19 20 21 22 24 25 26 | 26.7
Evocations     | 1 2 3 4 5 6 7 8 9 10 11 12 13 | 13.4
Ranged Weapons | 2 6 9 11 13 15 17 18 19 | 19.4
Armour         | 6 9 11 13 16 18 19 20 21 | 21.5
Throwing       | 3 6 8 10 11 | 11.9
Stealth        | 3 6 8 9 10 11 | 11.0
Dodging        | 4 7 9 11 12 13 15 | 15.5

Action                   |  1- 3 |  4- 6 |  7- 9 | 10-12 | 13-15 | 16-18 | 19-21 | 22-24 || total
-------------------------+-------+-------+-------+-------+-------+-------+-------+-------++-------
Melee: Whip              |    62 |   113 |    21 |       |       |       |       |       ||   196
       Hand axe          |     6 |       |       |       |       |       |       |       ||     6
       Headbutt          |    11 |    23 |    42 |    72 |    65 |   156 |   187 |   126 ||   682
       War axe           |       |       |   213 |    46 |       |       |       |       ||   259
       Punch             |       |       |     1 |       |       |       |       |       ||     1
       Battleaxe         |       |       |       |   222 |       |       |       |       ||   222
       Executioner's axe |       |       |       |    72 |   312 |   733 |   739 |   500 ||  2356
       Sacred scourge    |       |       |       |       |       |       |    35 |       ||    35
 Fire: Shortbow          |       |       |       |   120 |       |       |       |       ||   120
       Arbalest          |       |       |       |   126 |   242 |   296 |   381 |   265 ||  1310
Throw: Stone             |       |     7 |     7 |       |       |       |       |       ||    14
       Boomerang         |       |       |     2 |     1 |     2 |    27 |    17 |    10 ||    59
       Dart              |       |       |     1 |     5 |     4 |       |       |       ||    10
Invok: Berserk           |     1 |     4 |     3 |     9 |     6 |     6 |     4 |     6 ||    39
       Trog's Hand       |       |     4 |     2 |    21 |     8 |    41 |    20 |    20 ||   116
       Brothers in Arms  |       |       |       |     1 |     2 |       |     1 |       ||     4
Evoke: Wand              |       |       |     3 |    39 |     5 |    13 |    26 |    10 ||    96
       Box of beasts     |       |       |       |       |       |     1 |       |       ||     1
       Tin of tremorston |       |       |       |       |       |       |       |     1 ||     1
  Use: Scroll            |     1 |     4 |    10 |     9 |    13 |    17 |    15 |     5 ||    74
       Potion            |       |       |     4 |     3 |     3 |    12 |     3 |    12 ||    37
 Stab: Invisible         |       |       |       |     4 |       |     2 |       |     9 ||    15
       Distracted        |       |       |       |       |       |     1 |       |     1 ||     2
       Sleeping          |       |       |       |       |       |       |       |     2 ||     2
Armor: Animal skin       |    11 |       |       |       |       |       |       |       ||    11
       Plate armour      |     3 |    10 |       |       |       |   322 |   649 |   345 ||  1329
       Chain mail        |       |    38 |   113 |   146 |   239 |   164 |       |       ||   700
Dodge: Dodged            |    25 |    32 |    77 |   115 |   137 |   325 |   648 |   372 ||  1731
       Repelled          |       |       |       |       |       |    24 |       |       ||    24
Block: Other             |       |    11 |    38 |    55 |    76 |    77 |    61 |   127 ||   445
       Reflection        |       |       |     2 |     4 |     1 |    18 |       |    13 ||    38

Table legend: (Time is in decaauts)
 A = Elapsed time spent in this place.
 B = Non-inter-level travel time spent in this place.
 C = Inter-level travel time spent in this place.
 D = Time resting spent in this place.
 E = Time spent auto-exploring this place.
 F = Levels seen in this place.
 G = Mean time per level.
                   A        B        C        D        E       F      G
               +--------+--------+--------+--------+--------+-----+--------+
         Total |  72612 |  69076 |   3536 |  29699 |  27135 |  53 | 1370.0 |
       Dungeon |  17400 |  15734 |   1666 |   2795 |  10112 |  15 | 1160.0 |
          Lair |   8406 |   7908 |    498 |   2279 |   4525 |   5 | 1681.2 |
         Swamp |   5553 |   5392 |    161 |   1902 |   2672 |   4 | 1388.2 |
   Spider Nest |  11356 |  11164 |    192 |   8423 |   1407 |   4 | 2839.0 |
  Orcish Mines |   5111 |   4872 |    239 |   3238 |    633 |   2 | 2555.5 |
   Elven Halls |  12564 |  12426 |    138 |   8706 |   1960 |   3 | 4188.0 |
        Vaults |   7273 |   6829 |    444 |   1156 |   4099 |   5 | 1454.6 |
         Crypt |   3169 |   2975 |    194 |    592 |   1606 |   3 | 1056.3 |
          Tomb |    454 |    453 |      1 |     42 |      0 |   1 |  454.0 |
        Depths |     25 |     25 |      0 |      0 |     15 |   1 |   25.0 |
         Abyss |    199 |    199 |      0 |     18 |      0 |   1 |  199.0 |
      Ziggurat |    860 |    860 |      0 |    492 |    100 |   8 |  107.5 |
       Ossuary |    237 |    237 |      0 |     52 |      4 |   1 |  237.0 |
               +--------+--------+--------+--------+--------+-----+--------+

Top non-repeatable levels by time:
   Elf:3: 8981 daAuts
Spider:4: 8890 daAuts
   Orc:2: 3753 daAuts
  Lair:2: 2786 daAuts
   Elf:1: 2461 daAuts
  Lair:5: 2137 daAuts
 Swamp:4: 2058 daAuts
    D:10: 1859 daAuts
    D:13: 1673 daAuts
 Swamp:1: 1641 daAuts
Vaults:4: 1616 daAuts
Vaults:3: 1570 daAuts
  Lair:4: 1444 daAuts
     D:8: 1426 daAuts
    D:15: 1426 daAuts
